 Dungeon Crawl Stone Soup version 0.29.1-2-gbd0b4ee654 (webtiles) character file.

Game seed: 13306166942292427907

23816 DildoBatman the Geomancer (level 13, -24/93 HPs)
             Began as a Formicid Conjurer on Nov 22, 2022.
             Was a High Priest of Kikubaaqudgha.
             Shot with a bolt by a yaktaur captain (28 damage)
             ... on level 13 of the Dungeon.
             The game lasted 00:46:24 (12335 turns).

DildoBatman the Geomancer (Formicid Conjurer)      Turns: 12335, Time: 00:46:24

Health: -24/93     AC:  7    Str: 15    XL:     13   Next: 38%
Magic:  14/24      EV: 16    Int: 22    God:    Kikubaaqudgha [*****.]
Gold:   856        SH: 11    Dex: 16    Spells: 6/27 levels left

rFire   + . .      SeeInvis +   a - +0 shortbow
rCold   x . .      Faith    .   P - +0 kite shield
rNeg    . . .      Spirit   .   o - +0 troll leather armour
rPois   .          Reflect  .   (helmet unavailable)
rElec   .          Harm     .   q - +0 cloak
rCorr   .          Rampage  .   y - +0 pair of gloves
Will    +....                   (no boots)
Stlth   ++........              r - amulet "Liqiamm" {RegenMP Regen+ Str+4}
HPRegen 0.00/turn               w - +4 ring of evasion
MPRegen 0.59/turn               S - ring of fire

@: inhibited regen
A: permanent stasis, dig shafts and tunnels, antennae 3, four strong arms, agile
1, inhibited regeneration
a: Dig, Shaft Self, Renounce Religion, Unearth Wretches, Torment


You were on level 13 of the Dungeon.
You worshipped Kikubaaqudgha.
Kikubaaqudgha was extremely pleased with you.
You visited 2 branches of the dungeon, and saw 14 of its levels.
You also visited: Ossuary.

You collected 856 gold pieces.

Inventory:

Hand Weapons
 a - a +0 shortbow (weapon)
 b - a +4 mace
 d - the +6 mace "Imp's Undoing" {flame, Fragile rElec SInv Stlth-}
   (You found it on level 3 of the Dungeon)

   It burns those it strikes, dealing additional fire damage.
   rElec:     It insulates you from electricity.
   SInv:      It lets you see invisible.
   Fragile:   It will be destroyed if unequipped.
   Stlth:     It makes you less stealthy.
Missiles
 F - 9 javelins
Armour
 o - a +0 troll leather armour (worn)
 q - a +0 cloak (worn)
 y - a +0 pair of gloves (worn)
 H - the +1 leather armour "Valuos" {rF+ rC+}
   (You found it on level 6 of the Dungeon)

   rF:        It protects you from fire.
   rC:        It protects you from cold.
 P - a +0 kite shield (worn)
 T - the +2 robe "Osauqoju" {rElec Int+4}
   (You found it on level 10 of the Dungeon)

   Int:       It affects your intelligence (+4).
   rElec:     It insulates you from electricity.
Jewellery
 r - the amulet "Liqiamm" (around neck) {RegenMP Regen+ Str+4}
   (You found it on level 2 of the Dungeon)

   [amulet of magic regeneration]

   It increases your rate of magic regeneration.
   Str:       It affects your strength (+4).
   Regen:     It increases your rate of health regeneration.
 w - a +4 ring of evasion (left hand)
 S - a ring of fire (right hand)
Wands
 L - a wand of flame (21)
Scrolls
 f - a scroll of immolation {unknown}
 i - 7 scrolls of poison
 j - 2 scrolls of enchant armour {unknown}
 s - 3 scrolls of enchant weapon {unknown}
 t - 3 scrolls of fear {unknown}
 v - 5 scrolls of teleportation {unknown}
 x - 3 scrolls of butterflies {unknown}
 z - a scroll of identify
 B - a scroll of amnesia {unknown}
 C - 5 scrolls of magic mapping
 E - 2 scrolls of torment
 J - a scroll of brand weapon {unknown}
 Q - a scroll of silence {unknown}
 R - a scroll of summoning {unknown}
Potions
 e - 4 potions of heal wounds
 g - a potion of cancellation {unknown}
 k - a potion of magic
 n - a potion of resistance {unknown}
 p - 5 potions of brilliance
 u - 3 potions of invisibility
 D - 4 potions of curing
 I - 3 potions of flight
 K - 4 potions of might
 N - a potion of ambrosia {unknown}


   Skills:
 * Level 6.0 Fighting
 * Level 6.0 Armour
 * Level 4.0 Dodging
 - Level 2.4 Stealth
 - Level 9.0 Shields
 * Level 7.6 Spellcasting
 - Level 6.0 Conjurations
 - Level 12.0 Necromancy
 - Level 5.0 Fire Magic
 - Level 12.0 Earth Magic


You had 6 spell levels left.
You knew the following spells:

 Your Spells              Type           Power      Damage    Failure   Level
a - Borgnjor's Vile Clut  Necr/Erth      28%        N/A       3%          5
b - Conjure Flame         Conj/Fire      48%        6-21      6%          3
c - Searing Ray           Conj           68%        2d6       2%          2
d - Vampiric Draining     Necr           57%        2d10      1%          3
e - Mephitic Cloud        Conj/Pois/Air  17%        N/A       24%         3
f - Magic Dart            Conj           100%       1d8       1%          1
h - Dispel Undead         Necr           57%        3d20      1%          4

Your spell library contained the following spells:

 Spells                   Type           Power      Damage    Failure   Level
 Foxfire                  Conj/Fire      100%       2x1d9     1%          1
 Necrotise                Necr           100%       1d9       1%          1
 Animate Dead             Necr           57%        N/A       1%          4
 Passwall                 Tmut/Erth      28%        N/A       2%          2
 Agony                    Necr           57%        N/A       3%          5
 Dazzling Flash           Conj/Hex       42%        N/A       16%         3
 Anguish                  Hex/Necr       17%        N/A       16%         4
 Flame Wave               Conj/Fire      48%        2d12      19%         4
 Inner Flame              Hex/Fire       29%        N/A       21%         3
 Death Channel            Necr           28%        N/A       21%         6
 Call Imp                 Summ           8%         N/A       28%         2
 Ensorcelled Hibernation  Hex/Ice        16%        N/A       28%         2
 Corpse Rot               Necr/Pois/Air  26%        N/A       34%         4
 Fulminant Prism          Conj/Hex       10%        3d9       47%         4
 Iskenderun's Mystic Bla  Conj/Tloc      21%        2d6       47%         4
 Confusing Touch          Hex            8%         N/A       50%         3
 Frozen Ramparts          Ice            16%        1d3       50%         3
 Ice Form                 Ice/Tmut       8%         N/A       88%         4
 Summon Ice Beast         Ice/Summ       8%         N/A       88%         4
 Yara's Violent Unravell  Hex/Tmut       4%         3d4       99%         5
 Enfeeble                 Hex            4%         N/A       100%        7
 Swiftness                Air            Unusable   N/A       N/A         3

Dungeon Overview and Level Annotations

Branches:
Dungeon (13/15)            Temple (1/1) D:4            Lair (0/5) D:11
    Orc (0/2) D:10        Ossuary (visited)
 Vaults: D:13-14

Altars:
Ashenzari
Cheibriados
Dithmenos
Elyvilon
Fedhas
Gozag
Hepliaklqana
Kikubaaqudgha
Makhleb
Nemelex Xobeh
Okawaru
Qazlal
Ru
Sif Muna
Trog
Uskayaw
Vehumet
Wu Jian
Xom
Yredelemnul
Zin
The Shining One

Shops:
D:11 (   D:12 =

Portals:
Trove: D:11 (give +3 shadow dragon scales)


Innate Abilities, Weirdness & Mutations

You cannot be hasted, slowed, berserked, paralysed or teleported.
You can dig through walls and to a lower floor.
You have a pair of large antennae on your head. (SInv)
Your four strong arms can wield two-handed weapons with a shield.
You are agile. (Dex +4, Str/Int -1)
You do not regenerate when monsters are visible.


Message History

Magic restored.
You climb downwards.
There is a stone staircase leading up here.
The yaktaur captain shoots a bolt.
The bolt hits you!!
Casting: Mephitic Cloud (dangerous; 24% risk of failure)
Confirm with . or Enter, or press ? or * to list all spells.
Aiming: Borgnjor's Vile Clutch (dangerous; 3% risk of failure)
Press: ? - help, Shift-Dir - straight line, f - yaktaur captain
Aim: a yaktaur captain, wielding a +0 arbalest (moderately wounded, 100% to hit)
Zombie hands grab the yaktaur captain.
The zombie hands constrict the yaktaur captain.
The yaktaur captain escapes!
Casting: Borgnjor's Vile Clutch (dangerous; 3% risk of failure)
Confirm with . or Enter, or press ? or * to list all spells.
Aiming: Borgnjor's Vile Clutch (dangerous; 3% risk of failure)
Press: ? - help, Shift-Dir - straight line, f/p - yaktaur captain
Aim: a yaktaur captain, wielding a +0 arbalest (moderately wounded, 100% to hit)
Zombie hands grab the yaktaur captain.
The zombie hands constrict the yaktaur captain!
The yaktaur captain shoots a bolt.
The bolt hits you!!!
Casting: Borgnjor's Vile Clutch (dangerous; 3% risk of failure)
Confirm with . or Enter, or press ? or * to list all spells.
Aiming: Mephitic Cloud (dangerous; 24% risk of failure)
Press: ? - help, Shift-Dir - straight line, p - yaktaur captain The ball explodes into a vile cloud!
The stinking cloud engulfs the yaktaur captain but does no damage.
The yaktaur captain is moderately wounded.
The zombie hands constrict the yaktaur captain.
The yaktaur captain shoots a bolt.
You block the bolt.
The zombie hands constrict the yaktaur captain.
The yaktaur captain shoots a bolt.
The bolt hits you!!
The zombie hands constrict the yaktaur captain!
The yaktaur captain shoots a bolt.
The bolt hits you!!
You die...
Kikubaaqudgha rasps: "You have failed me!
Welcome... death!"

#...........
#..).........
#...)........
#<)[.........
##.........#
#.........#
#####.........+
...........#####..#
.........@.#......# #
..########.#......# # .
#.#......# ##
#.+......# #.
#.#......# #.
#######○○....).# #.
.......○#....).#######.
.......c#'###.(..c.....
............#..........


You could see a yaktaur captain (clutched).

Vanquished Creatures
  A hydra (D:11)
  3 boulder beetles
  3 two-headed ogres (D:10)
  Nergalle (D:10)
  An ugly thing (D:12)
  An oklob plant (D:11)
  A manticore (D:11)
  3 cyclopes
  Joseph (D:9)
  Maurice (D:8)
  An unseen horror (D:12)
  A kobold demonologist (D:9)
  A komodo dragon (D:12)
  2 yaktaurs (D:13)
  4 trolls
  4 hornets
  6 slime creatures (D:12)
  A vampire (D:12)
  3 wraiths
  3 wyverns
  32 yaks
  A shadow (D:12)
  2 steam dragons
  3 vampire mosquitoes (D:12)
  2 acid dragons (D:9)
  A water moccasin (D:6)
  A black bear (D:5)
  4 orc warriors
  2 ice beasts (D:7)
  5 ogres
  A centaur (D:7)
  3 phantoms
  An elf zombie (Ossuary)
  6 gnoll sergeants
  9 kobold brigands
  A necrophage (D:5)
  2 bullfrogs
  A wyvern zombie (D:6)
  4 water moccasin zombies (D:6)
  2 scorpions
  8 wights
  3 killer bees (D:11)
  8 howler monkeys
  3 centaur zombies
  2 bullfrog zombies (D:6)
  2 centaur skeletons (D:6)
  2 human zombies (Ossuary)
  A gnoll bouda (D:6)
  4 orc priests
  8 hounds
  2 jellies (D:7)
  A bullfrog skeleton (D:6)
  Jessica (D:2)
  An iguana (D:7)
  Terence (D:2)
  10 orc wizards
  2 killer bee zombies (D:6)
  3 mummies (Ossuary)
  3 hound zombies (Ossuary)
  A howler monkey zombie (D:6)
  25 gnolls
  A howler monkey skeleton (D:6)
  6 adders
  2 shadow imps
  A white imp (D:4)
  An ufetubus (D:5)
  4 adder zombies (Ossuary)
  2 worms
  30 orcs
  11 ball pythons
  7 bats
  4 bat skeletons (D:4)
  A bat zombie (D:4)
  7 endoplasms
  4 giant cockroaches
  5 gnoll zombies (Ossuary)
  6 goblins
  9 hobgoblins
  4 jackals (D:3)
  A quokka (D:2)
  A frilled lizard (D:1)
  3 goblin zombies (Ossuary)
  2 hobgoblin zombies (Ossuary)
  3 jackal zombies (Ossuary)
  14 kobolds
  7 kobold zombies (Ossuary)
  An orc zombie (Ossuary)
  5 rats
  A rat zombie (Ossuary)
359 creatures vanquished.

Vanquished Creatures (others)
  6 plants (D:11)
6 creatures vanquished.

Grand Total: 365 creatures vanquished

Notes
Turn   | Place    | Note
-------+----------+-------------------------------------------
     0 | D:1      | DildoBatman the Formicid Conjurer began the quest for the
                  | Orb.
     0 | D:1      | Reached XP level 1. HP: 13/13 MP: 3/3
   176 | D:1      | Reached XP level 2. HP: 19/19 MP: 0/5
   179 | D:1      | Learned a level 2 spell: Searing Ray
   733 | D:1      | Reached XP level 3. HP: 12/24 MP: 0/6
  1078 | D:2      | Noticed Jessica
  1320 | D:2      | Noticed Terence
  1322 | D:2      | HP: 1/24 [Terence/+0 hand axe (5)]
  1323 | D:2      | You fall into a shaft and drop 2 floors!
  1609 | D:4      | Noticed a steam dragon
  1719 | D:3      | Identified the +6 mace "Imp's Undoing" {flame, Fragile
                  | rElec SInv Stlth-}
  1897 | D:3      | Reached XP level 4. HP: 31/31 MP: 5/7
  1945 | D:3      | Reached skill level 1 in Fighting
  1945 | D:3      | Reached skill level 1 in Armour
  2214 | D:3      | Reached XP level 5. HP: 37/37 MP: 5/8
  2489 | D:4      | Found a staircase to the Ecumenical Temple.
  2498 | Temple   | Entered the Ecumenical Temple
  2852 | D:4      | Reached skill level 5 in Conjurations
  2852 | D:4      | Reached XP level 6. HP: 36/44 MP: 4/10
  3195 | D:4      | Found an ancient bone altar of Kikubaaqudgha.
  3200 | D:4      | Became a worshipper of Kikubaaqudgha
  3370 | D:2      | Found a faded altar of an unknown god.
  3390 | D:2      | Killed Jessica
  3563 | D:2      | Killed Terence
  3657 | D:2      | Identified the amulet "Liqiamm" {RegenMP Regen+ Str+4}
  4214 | D:4      | Reached XP level 7. HP: 51/51 MP: 8/12
  4270 | D:4      | Killed a steam dragon
  4347 | D:5      | Entered Level 5 of the Dungeon
  4575 | D:5      | Reached skill level 5 in Spellcasting
  4575 | D:5      | Reached XP level 8. HP: 58/58 MP: 11/15
  4584 | D:5      | Reached * piety under Kikubaaqudgha
  4584 | D:5      | Received a gift from Kikubaaqudgha
  5171 | D:6      | Learned a level 3 spell: Conjure Flame
  5175 | D:6      | Learned a level 3 spell: Vampiric Draining
  5203 | D:6      | Identified the +1 leather armour "Valuos" {rF+ rC+}
  5306 | D:6      | Reached skill level 1 in Necromancy
  5306 | D:6      | Reached skill level 1 in Fire Magic
  5361 | D:6      | Reached XP level 9. HP: 65/65 MP: 17/19
  5571 | D:6      | Found a sand-covered staircase.
  5577 | Ossuary  | Entered an ossuary
  5599 | Ossuary  | Reached ** piety under Kikubaaqudgha
  5727 | Ossuary  | Reached skill level 5 in Fighting
  6052 | D:6      | Reached skill level 5 in Armour
  6449 | D:6      | Reached *** piety under Kikubaaqudgha
  6449 | D:6      | Received a gift from Kikubaaqudgha
  6458 | D:6      | Learned a level 5 spell: Borgnjor's Vile Clutch
  6655 | D:7      | Reached skill level 1 in Earth Magic
  6719 | D:7      | Noticed a hornet
  6728 | D:7      | Killed a hornet
  6729 | D:7      | Reached XP level 10. HP: 46/74 MP: 10/20
  6903 | D:7      | Found a large runed translucent door.
  6903 | D:7      | Found a large runed translucent door.
  7047 | D:7      | Reached skill level 5 in Necromancy
  7047 | D:7      | Reached skill level 5 in Fire Magic
  7062 | D:7      | Learned a level 3 spell: Mephitic Cloud
  7263 | D:7      | Found a white marble altar of Elyvilon.
  7266 | D:7      | Found a burning altar of Makhleb.
  7431 | D:8      | Noticed Maurice
  7441 | D:8      | Killed Maurice
  7442 | D:8      | Reached skill level 5 in Earth Magic
  7536 | D:8      | Reached **** piety under Kikubaaqudgha
  7821 | D:8      | Reached XP level 11. HP: 48/79 MP: 4/21
  8446 | D:9      | Noticed Joseph
  8462 | D:9      | Killed Joseph
  9083 | D:10     | Entered Level 10 of the Dungeon
  9121 | D:10     | Noticed a two-headed ogre
  9135 | D:10     | Killed a two-headed ogre
  9136 | D:10     | Reached skill level 10 in Earth Magic
  9176 | D:10     | Found a staircase to the Orcish Mines.
  9189 | D:10     | Reached ***** piety under Kikubaaqudgha
  9261 | D:10     | Learned a level 4 spell: Dispel Undead
  9264 | D:10     | Reached XP level 12. HP: 68/86 MP: 6/22
  9394 | D:10     | Found an iron altar of Okawaru.
  9401 | D:10     | Reached skill level 10 in Necromancy
  9457 | D:10     | Identified the +2 robe "Osauqoju" {rElec Int+4}
  9597 | D:10     | Noticed Nergalle
  9602 | D:10     | Killed Nergalle
  9676 | D:10     | Noticed a two-headed ogre
  9683 | D:10     | Killed a two-headed ogre
  9912 | D:10     | Noticed a boulder beetle
  9928 | D:10     | Killed a boulder beetle
 10089 | D:10     | Noticed a two-headed ogre
 10097 | D:10     | Killed a two-headed ogre
 10618 | D:11     | Noticed a four-headed hydra
 10624 | D:11     | Killed a four-headed hydra
 10637 | D:11     | Found a staircase to the Lair.
 10840 | D:11     | Found a radiant altar of Vehumet.
 10933 | D:11     | Found Ciusch's Weapon Emporium.
 10949 | D:11     | Reached skill level 5 in Shields
 11131 | D:11     | Found a portal to a secret trove of treasure.
 11513 | D:12     | Noticed a boulder beetle
 11526 | D:12     | Killed a boulder beetle
 11527 | D:12     | Reached XP level 13. HP: 68/91 MP: 21/23
 11736 | D:12     | Found Opsurgh's Jewellery Shop.
 11803 | D:12     | Noticed a boulder beetle
 11815 | D:12     | Killed a boulder beetle
 12169 | D:12     | Gained mutation: Your muscles are strong. (Str +4, Int/Dex
                  | -1) [potion of mutation]
 12169 | D:12     | Gained mutation: You are partially covered in large bone
                  | plates. (SH +4) [potion of mutation]
 12170 | D:12     | Lost mutation: You are partially covered in large bone
                  | plates. (SH +4) [potion of mutation]
 12170 | D:12     | Lost mutation: Your muscles are strong. (Str +4, Int/Dex
                  | -1) [potion of mutation]
 12170 | D:12     | Gained mutation: Your flesh is cold resistant. (rC+)
                  | [potion of mutation]
 12170 | D:12     | Gained mutation: Your mind is acute. (Int +4, Str/Dex -1)
                  | [potion of mutation]
 12171 | D:12     | Lost mutation: Your flesh is cold resistant. (rC+) [potion
                  | of mutation]
 12171 | D:12     | Lost mutation: Your mind is acute. (Int +4, Str/Dex -1)
                  | [potion of mutation]
 12171 | D:12     | Gained mutation: You do not regenerate when monsters are
                  | visible. [potion of mutation]
 12171 | D:12     | Gained mutation: You are agile. (Dex +4, Str/Int -1)
                  | [potion of mutation]
 12248 | D:13     | Noticed a yaktaur captain
 12334 | D:13     | HP: 4/93 [yaktaur captain/bolt (29)]
 12335 | D:13     | Shot with a bolt by a yaktaur captain

Illustrated notes

Levels and vault maps discovered:
D:1:      matt_arrival_spirals, layout_basic
D:2:      layout_basic, serial_forest, infiniplex_forest_lined_room_,
          infiniplex_forest_clump_diagonal, infiniplex_forest_end_2,
          infiniplex_forest_lined_4_way, infiniplex_forest_diagonal,
          infiniplex_forest_lined_room_2, infiniplex_forest_straight_1,
          chequers_ecumenical_altar_island, uniq_jessica, uniq_terence
D:3:      layout_rooms, minmay_close_crescents
D:4:      layout_gridville, kennysheep_vampire_church,
          minmay_temple_entry_waves, kennysheep_orc_chapel
D:5:      layout_basic
D:6:      layout_basic, serial_undead, serial_undead_d, serial_undead_c,
          serial_undead_e, serial_undead_d, serial_undead_a, serial_undead_e,
          serial_undead_e, serial_undead_e, nicolae_ossuary_entry_monument
D:7:      layout_loops_ring, jmf_multi_god_temple2
D:8:      layout_basic, uniq_maurice
D:9:      layout_basic, uniq_joseph
D:10:     layout_stronghold, okawaru_trees_1,
          kennysheep_orc_monster_closet_entryway, grunt_tough_drop,
          uniq_nergalle
D:11:     layout_loops_ring, dpeg_oklobed_lair, serial_shops, shop_fountains,
          nicolae_trove_entry_crossroad, nicolae_vehumet_altar_sigil
D:12:     layout_basic, serial_shops, shop_statue, grunt_decor_one_mirror,
          grunt_ministairs_9
D:13:     layout_irregular_city, david_vaults_2, ebering_ghost_funeral_grove
Temple:   mainiacjoe_temple_coin_purse

Skill      XL: |  1  2  3  4  5  6  7  8  9 10 11 12 13 |
---------------+----------------------------------------+-----
Conjurations   | 4 5 6 |  6.0
Fighting       | 1 2 3 4 5 6 |  6.0
Armour         | 1 2 3 5 6 |  6.0
Dodging        | 2 3 4 |  4.0
Spellcasting   | 3 5 7 |  7.6
Necromancy     | 1 4 7 9 12 | 12.0
Fire Magic     | 1 4 5 |  5.0
Earth Magic    | 2 7 10 12 | 12.0
Shields        | 7 9 |  9.0
Stealth        | |  2.4

Action                   |  1- 3 |  4- 6 |  7- 9 | 10-12 | 13-15 || total
-------------------------+-------+-------+-------+-------+-------++-------
Melee: Whip              |     1 |       |       |       |       ||     1
       Rapier            |    11 |       |       |       |       ||    11
       Quarterstaff      |     9 |       |     5 |       |       ||    14
       Staff             |     2 |     3 |    70 |     6 |       ||    81
       Punch             |       |       |     1 |     1 |       ||     2
       Mace              |       |       |       |    41 |    26 ||    67
 Fire: Shortbow          |       |       |       |   219 |    23 ||   242
 Cast: Magic Dart        |    50 |    41 |    28 |       |       ||   119
       Searing Ray       |     5 |    26 |    51 |    16 |       ||    98
       Conjure Flame     |       |       |    25 |     8 |     6 ||    39
       Borgnjor's Vile C |       |       |       |   104 |    22 ||   126
       Dispel Undead     |       |       |       |     3 |     2 ||     5
       Vampiric Draining |       |       |       |       |     4 ||     4
       Mephitic Cloud    |       |       |       |       |     3 ||     3
 Abil: Shaft Self        |     1 |       |       |       |       ||     1
       Dig               |       |       |       |       |     1 ||     1
  Use: Scroll            |       |       |       |    12 |     1 ||    13
       Potion            |       |       |       |       |     3 ||     3
Armor: Robe              |    10 |    21 |     1 |       |       ||    32
       Steam dragon scal |       |       |     3 |       |       ||     3
       Leather armour    |       |       |    45 |    24 |       ||    69
       Troll leather arm |       |       |       |     2 |     6 ||     8
Dodge: Dodged            |    25 |    57 |   130 |   127 |    24 ||   363
Block: Kite shield       |       |       |       |     5 |    29 ||    34
